 Dungeon Crawl Stone Soup version 0.22-a0-776-ge6d7efa (webtiles) character file.

79 Amnesiac the Ducker (level 4, -6/33 HPs)
             Began as a Mummy Earth Elementalist on July 18, 2018.
             Mangled by an iguana (8 damage)
             ... on level 6 of the Dungeon.
             The game lasted 00:04:01 (2946 turns).

Amnesiac the Ducker (Mummy Earth Elementalist)      Turns: 2946, Time: 00:04:02

Health: -6/33      AC:  2    Str: 11    XL:     4   Next: 17%
Magic:  1/8        EV: 13    Int: 15    God:
Gold:   137        SH:  0    Dex: 12    Spells: 2/8 levels left

rFire    x . .     SeeInvis .   e - -2 dagger (curse)
rCold    + . .     Gourm    .   (no shield)
rNeg     + + +     Faith    .   c - +0 robe
rPois    ∞         Spirit   .   (no helmet)
rElec    .         Reflect  .   d - scarf {repulsion}
rCorr    .         Harm     .   (no gloves)
MR       .....                  (no boots)
Stlth    +.........             (no amulet)
HPRegen  0.11/turn              g - ring of loudness (curse)
MPRegen  0.11/turn              (no ring)

@: very slightly contaminated, repel missiles
A: no food or potions, fire vulnerability, cold resistance 1, negative energy
resistance 3, torment resistance, unbreathing
a: no special abilities


You were on level 6 of the Dungeon.
You were not hungry.

You visited 1 branch of the dungeon, and saw 6 of its levels.

You collected 137 gold pieces.

Inventory:

Hand Weapons
 e - a cursed -2 dagger (weapon)
 m - a +2 short sword of venom
Missiles
 b - 53 stones (quivered)
Armour
 c - a +0 robe (worn)
 d - a scarf of repulsion (worn)
 k - a +0 plate armour
Jewellery
 g - a cursed ring of loudness (left hand)
 j - an uncursed ring of positive energy {unknown}
Scrolls
 a - a scroll of fog {!r, unknown}
 f - a scroll of magic mapping {!r}
 h - a scroll of enchant armour {!r, unknown}
 i - a scroll of identify {!r, unknown}


   Skills:
 + Level 1.7 Fighting
 + Level 0.0 Short Blades
 * Level 2.9 Dodging
 - Level 2.0 Stealth
 - Level 2.6 Spellcasting
 - Level 0.7 Transmutations
 - Level 2.6 Earth Magic


You had 2 spell levels left.
You knew the following spells:

 Your Spells              Type           Power        Failure   Level  Hunger
a - Sandblast             Erth           #.....       7%          1    N/A
b - Passwall              Tmut/Erth      #.......     16%         2    N/A
c - Stone Arrow           Conj/Erth      #.....       36%         3    N/A

Your spell library contained the following spells:

 Spells                   Type           Power        Failure   Level  Hunger
 Confuse                  Hex            #.......     52%         3    N/A
 Tukima's Dance           Hex            #.......     52%         3    N/A
 Ensorcelled Hibernation  Hex/Ice        #.....       30%         2    N/A
 Corona                   Hex            #......      21%         1    N/A
 Lee's Rapid Deconstruct  Erth           #.........   89%         5    N/A
 Petrify                  Tmut/Erth      #.......     71%         4    N/A
 Dazzling Spray           Conj/Hex       #.....       52%         3    N/A

Dungeon Overview and Level Annotations

Branches:
Dungeon (6/15)             Temple (0/1) D:4

Altars:
Elyvilon
Okawaru


Innate Abilities, Weirdness & Mutations

You do not eat or drink.
Your flesh is vulnerable to fire.
You are immune to poison.
Your flesh is cold resistant. (rC+)
You are immune to negative energy. (rN+++)
You are immune to unholy pain and torment.
You can survive without breathing.


Message History

Confirm with . or Enter, or press ? or * to list all spells.
Aiming: Sandblast (safe; 7% risk of failure)
Press: ? - help, Shift-Dir - straight line, f/p - worker ant
Aim: a worker ant (moderately wounded)
The blast of sand hits the worker ant.
The worker ant is heavily wounded.
b - 53 stones The worker ant bites you!
The worker ant bites you.
Casting: Sandblast (safe; 7% risk of failure)
Confirm with . or Enter, or press ? or * to list all spells.
Aiming: Sandblast (safe; 7% risk of failure)
Press: ? - help, Shift-Dir - straight line, f/p - worker ant
Aim: a worker ant (heavily wounded)
You miscast Sandblast.
You are very lightly contaminated with residual magic.
You are showered with tiny particles of grit.
The worker ant completely misses you.
Casting: Sandblast (safe; 7% risk of failure)
Confirm with . or Enter, or press ? or * to list all spells.
Aiming: Sandblast (safe; 7% risk of failure)
Press: ? - help, Shift-Dir - straight line, f/p - worker ant
Aim: a worker ant (heavily wounded)
You miscast Sandblast.
Nothing appears to happen.
The worker ant bites you but does no damage.
Casting: Sandblast (safe; 7% risk of failure)
Confirm with . or Enter, or press ? or * to list all spells.
You don't have enough magic to cast that spell.
Casting: Sandblast (safe; 7% risk of failure)
Confirm with . or Enter, or press ? or * to list all spells.
You don't have enough magic to cast that spell.
You can't drink.
Really read
f - 2 scrolls labeled UMEFAT SEONOSK {!r}?
As you read the scroll labeled UMEFAT SEONOSK {!r}, it crumbles to dust.
You feel aware of your surroundings.
You sensed 4 altars, and 1 shop/portal.
It was a scroll of magic mapping {!r}.
The worker ant misses you. The worker ant bites you.
* * * LOW HITPOINT WARNING * * *
The worker ant closely misses you. The worker ant closely misses you.
Found 15 gold pieces.
The worker ant bites you!
* * * LOW HITPOINT WARNING * * *
Found a white marble altar of Elyvilon.
Casting: Sandblast (safe; 7% risk of failure)
Confirm with . or Enter, or press ? or * to list all spells.
Aiming: Passwall (safe; 16% risk of failure)
Press: ? - help, Dir - move target cursor, p - worker ant A rock wall.
The worker ant bites you.
* * * LOW HITPOINT WARNING * * *
The worker ant closely misses you.
You begin to meditate on the wall.
You continue meditating on the rock.
The worker ant bites you.
* * * LOW HITPOINT WARNING * * *
You continue meditating on the rock.
The worker ant closely misses you.
You finish merging with the rock.
Unknown command.
There is a stone staircase leading down here.
You start resting.
The worker ant is too close now for your liking.
A worker ant is nearby!
You climb downwards.
The iguana closely misses you. The iguana bites you!
You die...

##########
#........#
#........#
#........#
#........#
#........#
#........#
#......@.#
#.....l..#
#........#
#........#
#........#
#........#
#........#
##........#
#.........#


You could see an iguana.

Vanquished Creatures
  3 adders
  A dart slug (D:1)
  3 leopard geckos
  2 ball pythons (D:2)
  8 bats
  A giant cockroach (D:2)
  5 goblins
  7 hobgoblins
  8 kobolds
  2 quokkas
  3 frilled lizards
  3 rats
46 creatures vanquished.

Notes
Turn   | Place    | Note
-------+----------+-------------------------------------------
     0 | D:1      | Amnesiac the Mummy Earth Elementalist began the quest for the Orb.
     0 | D:1      | Reached XP level 1. HP: 13/13 MP: 4/4
   144 | D:2      | Reached XP level 2. HP: 12/20 MP: 5/5
   394 | D:1      | Reached skill level 1 in Fighting
  1157 | D:1      | Reached XP level 3. HP: 25/26 MP: 7/7
  1163 | D:1      | Learned a level 2 spell: Passwall
  1280 | D:1      | Learned a level 3 spell: Stone Arrow
  2687 | D:3      | Found an iron altar of Okawaru.
  2828 | D:4      | Reached XP level 4. HP: 33/33 MP: 5/8
  2858 | D:4      | Found a staircase to the Ecumenical Temple.
  2876 | D:4      | You fall through a shaft for 2 floors!
  2915 | D:5      | Entered Level 5 of the Dungeon
  2934 | D:5      | Found a white marble altar of Elyvilon.
  2937 | D:5      | HP: 1/33 [worker ant (4)]
  2946 | D:6      | Mangled by an iguana

Vault maps used:
D:1:      scummos_arrival_simple_crosswalls, kennysheep_flooded_box
D:2:      eino_tiny_chamber, minivault_19
D:3:      nicolae_ru_awakened_eye, kiku_gazebo_garden_becter,
          nicolae_overflow_hidden_temple
D:4:      wad_crossroads, zin_angel, minmay_temple_entry_butterflies,
          first_ration, serial_shops, nicolae_shop_behind_doors, uniq_natasha
D:5:      kennysheep_mini_moat, kennysheep_little_box,
          nicolae_overflow_crystal_walls, serial_shops, nicolae_shop_crystal,
          trog_eyes_of_draining, uniq_crazy_yiuf_cottage, uniq_sigmund

Skill      XL: |  1  2  3 |
---------------+----------+-----
Dodging        | 2 |  2.9
Fighting       | 1 |  1.7
Stealth        | 2 |  2.0
Spellcasting   | |  2.6
Transmutations | |  0.7
Earth Magic    | |  2.6

Action                   |  1- 3 |  4- 6 || total
-------------------------+-------+-------++-------
Melee: Dagger            |   140 |       ||   140
       Short sword       |    29 |       ||    29
       Lajatang          |     8 |       ||     8
 Cast: Sandblast         |    14 |    12 ||    26
       Passwall          |     3 |     1 ||     4
  Use: Scroll            |     1 |     1 ||     2
 Stab: Sleeping          |     1 |       ||     1
Armor: Robe              |    40 |     3 ||    43
       Plate armour      |    37 |       ||    37
Dodge: Dodged            |   112 |    12 ||   124

Table legend:
 A = Spawn XP
 B = Non-spawn XP
 C = Spawn XP percentage of total XP
 D = Spawn monster count
 E = Non-spawn monster count
 F = Spawn count percentage of total count
 G = Total turns spent on level
                    A         B        C        D         E        F      G
               +---------+---------+-------+---------+---------+-------+---------
         Total |       0 |     114 |   0.0 |       0 |      46 |   0.0 |  2946
               +---------+---------+-------+---------+---------+-------+---------
           D:1 |       0 |      28 |   0.0 |       0 |      15 |   0.0 |  1589
           D:2 |       0 |      53 |   0.0 |       0 |      26 |   0.0 |  1055
           D:3 |       0 |      15 |   0.0 |       0 |       2 |   0.0 |   100
           D:4 |       0 |      16 |   0.0 |       0 |       2 |   0.0 |   132
           D:6 |       0 |       2 |   0.0 |       0 |       1 |   0.0 |    39
               +---------+---------+-------+---------+---------+-------+---------
